 Dungeon Crawl Stone Soup version 0.23-a0-563-g409694ba0a (webtiles) character file.

20828 Zazzizzaar the Geomancer (level 12, -1/72 HPs)
             Began as a Gargoyle Earth Elementalist on Dec 13, 2018.
             Was a High Priest of Vehumet.
             Slain by a skeletal warrior
             ... wielding a +0 dire flail
             ... led by a skeletal warrior
              (13 damage)
             ... on level 11 of the Dungeon.
             The game lasted 00:47:13 (17439 turns).

Zazzizzaar the Geomancer (GrEE)                    Turns: 17439, Time: 00:47:14

Health: -1/72      AC: 17    Str: 13    XL:     12   Next: 83%
Magic:  16/32      EV: 14    Int: 25    God:    Vehumet [*****.]
Gold:   1650       SH:  5    Dex: 12    Spells: 7/26 levels left

rFire    + + .     SeeInvis .   e - +6 flail (flame)
rCold    + . .     Gourm    .   (no shield)
rNeg     + . .     Faith    .   M - +1 robe {rF+}
rPois    ∞         Spirit   .   (helmet restricted)
rElec    +         Reflect  +   r - scarf {rC+ rF+}
rCorr    .         Harm     .   x - +1 pair of gloves
MR       .....     Rnd*Rage +   t - +2 pair of boots
Stlth    ++........             j - +5 amulet of reflection
HPRegen  0.22/turn              E - +5 ring of intelligence (curse)
MPRegen  0.23/turn              L - ring of magical power

@: no status effects
A: beak, thin skeletal structure 1, berserk 1, negative energy resistance 1,
electricity resistance, unbreathing, evolution 1, petrification resistance, rot
immunity, subdued magic 1, AC +8
a: Renounce Religion


You were on level 11 of the Dungeon.
You worshipped Vehumet.
Vehumet was extremely pleased with you.
You were hungry.

You visited 2 branches of the dungeon, and saw 12 of its levels.

You collected 1749 gold pieces.
You spent 99 gold pieces at shops.

Inventory:

Hand Weapons
 e - a +6 flail of flaming (weapon)
 g - a +0 flail
 h - a +5 short sword of protection
 I - a +0 flail of protection
Missiles
 q - 67 stones (quivered)
Armour
 k - a +0 shield
 m - a +2 robe of cold resistance
 r - a scarf of resistance (worn)
 t - a +2 pair of boots (worn)
 w - a +1 helmet
 x - a +1 pair of gloves (worn)
 y - a +0 cloak
 M - a +1 robe of fire resistance (worn)
Magical Staves
 l - an uncursed staff of earth
Jewellery
 j - a +5 amulet of reflection (around neck)
 n - an uncursed ring of flight
 u - an uncursed ring of positive energy
 z - an uncursed ring of protection from cold
 E - a cursed +5 ring of intelligence (left hand)
 G - an uncursed amulet of magic regeneration
 L - a ring of magical power (right hand)
Wands
 C - a wand of digging (9)
 D - a wand of flame (30)
 F - a wand of random effects (56)
 H - a wand of paralysis (6)
Scrolls
 b - a scroll of fear
 c - a scroll of identify
 i - 5 scrolls of remove curse
 o - 3 scrolls of amnesia
 s - a scroll of blinking
 v - a scroll of enchant armour
 A - 5 scrolls of magic mapping
 B - 3 scrolls of immolation
Potions
 a - 4 potions of curing
 f - 2 potions of agility
Miscellaneous
 J - a sack of spiders
 K - a lamp of fire
Comestibles
 d - 26 rations


   Skills:
 + Level 7.0 Fighting
 + Level 6.3 Maces & Flails
 - Level 6.0 Armour
 + Level 5.5 Dodging
 - Level 2.1 Stealth
 + Level 7.0 Shields
 + Level 7.6 Spellcasting
 + Level 8.4 Conjurations
   Level 0.7 Transmutations
 + Level 4.0 Fire Magic
 + Level 10.1 Earth Magic
 + Level 5.8 Evocations


You had 7 spell levels left.
You knew the following spells:

 Your Spells              Type           Power        Failure   Level  Hunger
a - Sandblast             Erth           #####.       1%          1    None
b - Stone Arrow           Conj/Erth      #####.       1%          3    None
c - Lee's Rapid Deconstr  Erth           #####.....   1%          5    #####..
d - Fireball              Conj/Fire      ####......   3%          5    #####..
e - Venom Bolt            Conj/Pois      ###.......   7%          5    #####..

Your spell library contained the following spells:

 Spells                   Type           Power        Failure   Level  Hunger
 Ozocubu's Refrigeration  Ice            #.........   89%         6    ######.
 Flame Tongue             Conj/Fire      ####.        1%          1    None
 Passwall                 Tmut/Erth      ####....     1%          2    None
 Throw Flame              Conj/Fire      ####..       1%          2    None
 Conjure Flame            Conj/Fire      ####....     1%          3    None
 Inner Flame              Hex/Fire       ###.....     1%          3    None
 Sticky Flame             Conj/Fire      ####....     1%          4    ##.....
 Confusing Touch          Hex            #.....       4%          1    None
 Petrify                  Tmut/Erth      ####....     5%          4    ##.....
 Blink                    Tloc           N/A          8%          2    None
 Shroud of Golubria       Chrm/Tloc      #.........   8%          2    None
 Confuse                  Hex            #.......     16%         3    None
 Gell's Gravitas          Tloc           #.........   16%         3    None
 Lesser Beckoning         Tloc           #.........   16%         3    None
 Teleport Other           Tloc           #.......     16%         3    None
 Yara's Violent Unravell  Hex/Tmut       #.........   32%         5    #####..
 Passage of Golubria      Tloc           N/A          50%         4    ##.....
 Metabolic Englaciation   Hex/Ice        #.........   85%         5    #####..


Dungeon Overview and Level Annotations

Branches:
Dungeon (11/15)            Temple (1/1) D:7            Lair (0/6) D:10
    Orc (0/2) D:9

Altars:
Ashenzari
Cheibriados
Dithmenos
Elyvilon
Fedhas
Gozag
Hepliaklqana
Kikubaaqudgha
Nemelex Xobeh
Okawaru
Qazlal
Ru
Sif Muna
Trog
Uskayaw
Vehumet
Wu Jian
Xom
Yredelemnul
Zin
The Shining One

Shops:
D:9 [[


Innate Abilities, Weirdness & Mutations

You are resistant to torment.
Your stone body is resilient. (AC +8)
You are immune to poison.
You resist negative energy. (rN+)
You are resistant to electric shocks. (rElec)
You can survive without breathing.
You are immune to petrification.
You are immune to rotting.
You have a beak for a mouth.
You have a somewhat thin skeletal structure. (Dex +2, Stealth)
You tend to lose your temper in combat.
You evolve.
Your spells are a little easier to cast, but a little less powerful.


Message History

q - 69 stones The skeletal warrior closely misses you.
Casting: Sandblast (safe; 1% risk of failure)
Confirm with . or Enter, or press ? or * to list all spells.
Aiming: Sandblast (safe; 1% risk of failure)
Press: ? - help, Shift-Dir - straight line, f/p - skeletal warrior
Aim: a skeletal warrior, wielding a +0 dire flail (almost destroyed)
The blast of sand hits the skeletal warrior.
The skeletal warrior is almost destroyed.
q - 68 stones
Casting: Sandblast (safe; 1% risk of failure)
Confirm with . or Enter, or press ? or * to list all spells.
Aiming: Sandblast (safe; 1% risk of failure)
Press: ? - help, Shift-Dir - straight line, f/p - skeletal warrior
Aim: a skeletal warrior, wielding a +0 dire flail (almost destroyed)
The blast of sand hits the skeletal warrior.
The skeletal warrior is almost destroyed.
q - 67 stones The skeletal warrior hits you with a +0 dire flail!
You die...

#..## ##..### ^
#....######.##
###########
###......##.##
#... #.........#
###<.#...
##..#...
###.......
#.[.......
#######..##.....
.........##...(.


You could see a skeletal warrior.

Vanquished Creatures
  Fannar (D:10)
  A catoblepas (D:10)
  4 two-headed ogres
  3 skeletal warriors
  An unseen horror (D:10)
  A deep elf mage (D:10)
  A cyclops (D:10)
  A manticore (D:10)
  A centaur zombie (D:10)
  A gargoyle (D:10)
  A kobold demonologist (D:10)
  2 trolls (D:10)
  Grinder (D:6)
  2 hippogriffs
  A wraith (D:11)
  A wyvern (D:11)
  A human (D:7)
  10 yaks
  Grum (D:10)
  4 hogs (D:8)
  4 vampire mosquitoes (D:10)
  A basilisk (D:10)
  3 hungry ghosts
  2 wargs
  3 orc warriors
  An ice beast (D:10)
  4 sky beasts
  6 black bears
  2 eyes of draining (D:10)
  A necrophage (D:9)
  10 ogres
  4 phantoms
  3 wolves (D:10)
  A crocodile (D:9)
  7 centaurs
  A big kobold (D:8)
  7 bullfrogs
  A gnoll sergeant (D:7)
  7 scorpions
  8 wights
  12 killer bees
  3 howler monkeys
  An electric eel (D:6)
  7 crimson imps
  2 jellies
  A bullfrog zombie (D:5)
  10 orc priests
  4 centaur skeletons
  7 hounds
  7 orc wizards
  2 bullfrog skeletons
  2 gnoll shamans
  2 iguanas
  13 worker ants
  3 hound zombies
  2 hound skeletons
  A worker ant zombie (D:11)
  6 adders
  13 gnolls
  A shadow imp (D:9)
  An ooze (D:1)
  2 adder skeletons
  3 worms
  7 dart slugs
  5 leopard geckos
  59 orcs
  7 giant cockroaches
  11 goblins
  8 hobgoblins
  6 jackals
  A quokka (D:4)
  2 ball pythons
  4 bats
  5 frilled lizards
  9 kobolds
  A leopard gecko skeleton (D:4)
  A quokka skeleton (D:5)
  A quokka zombie (D:9)
  6 rats
  A plant (D:5)
354 creatures vanquished.

Vanquished Creatures (others)
  A plant (D:10)
1 creature vanquished.

Grand Total: 355 creatures vanquished

Notes
Turn   | Place    | Note
-------+----------+-------------------------------------------
     0 | D:1      | Zazzizzaar the Gargoyle Earth Elementalist began the quest
                  | for the Orb.
     0 | D:1      | Reached XP level 1. HP: 10/10 MP: 3/3
   393 | D:1      | Reached skill level 4 in Earth Magic
   393 | D:1      | Reached XP level 2. HP: 15/15 MP: 5/5
   929 | D:1      | Reached XP level 3. HP: 19/19 MP: 7/7
   934 | D:1      | Learned a level 3 spell: Stone Arrow
  1499 | D:2      | Reached skill level 1 in Conjurations
  1510 | D:2      | Found a snail-covered altar of Cheibriados.
  1542 | D:2      | Reached XP level 4. HP: 24/24 MP: 8/8
  2241 | D:2      | Found a shimmering altar of Xom.
  2361 | D:3      | Reached skill level 5 in Earth Magic
  2361 | D:3      | Reached XP level 5. HP: 21/28 MP: 8/10
  2368 | D:3      | Learned a level 5 spell: Lee's Rapid Deconstruction
  2815 | D:3      | Found a basalt altar of Yredelemnul.
  3232 | D:3      | Reached XP level 6. HP: 26/32 MP: 11/11
  3832 | D:4      | Found a shattered altar of Ashenzari.
  3853 | D:4      | Noticed a black bear
  3857 | D:4      | Killed a black bear
  3936 | D:4      | Reached skill level 6 in Earth Magic
  4372 | D:4      | Found a white marble altar of Elyvilon.
  4372 | D:4      | Found a stormy altar of Qazlal.
  4416 | D:4      | Reached XP level 7. HP: 36/36 MP: 9/13
  4444 | D:4      | Found a radiant altar of Vehumet.
  4453 | D:4      | Became a worshipper of Vehumet
  4459 | D:4      | Gained mutation: You tend to lose your temper in combat.
                  | [potion of mutation]
  4459 | D:4      | Gained mutation: Your spells are a little easier to cast,
                  | but a little less powerful. [potion of mutation]
  4459 | D:4      | Gained mutation: You evolve. [potion of mutation]
  5008 | D:4      | Found a hazy altar of Hepliaklqana.
  5047 | D:5      | Entered Level 5 of the Dungeon
  5517 | D:5      | Reached skill level 1 in Maces & Flails
  5517 | D:5      | Reached skill level 1 in Armour
  5517 | D:5      | Reached skill level 1 in Shields
  5517 | D:5      | Reached XP level 8. HP: 35/42 MP: 3/15
  5569 | D:5      | Reached skill level 1 in Fighting
  5569 | D:5      | Reached skill level 1 in Evocations
  5977 | D:5      | Reached * piety under Vehumet
  5977 | D:5      | Offered knowledge of Magic Dart by Vehumet.
  5977 | D:5      | Reached skill level 7 in Earth Magic
  6085 | D:5      | Found an ancient bone altar of Kikubaaqudgha.
  6444 | D:5      | Reached skill level 5 in Spellcasting
  6856 | D:6      | Identified a scroll of acquirement
  6984 | D:6      | Reached skill level 5 in Conjurations
  7000 | D:6      | Noticed Grinder
  7008 | D:6      | Killed Grinder
  7136 | D:6      | Noticed a hippogriff
  7154 | D:6      | Killed a hippogriff
  7154 | D:6      | Reached XP level 9. HP: 23/49 MP: 16/16
  8256 | D:7      | Found a staircase to the Ecumenical Temple.
  8275 | Temple   | Entered the Ecumenical Temple
  8597 | D:7      | Found a blossoming altar of Fedhas.
  8680 | D:7      | Noticed a +0 hand axe
  8681 | D:7      | Noticed a +0 dagger
  8687 | D:7      | Reached ** piety under Vehumet
  8694 | D:7      | Found a hide-covered altar of Uskayaw.
  8789 | D:7      | Offered knowledge of Throw Flame by Vehumet.
  9170 | D:8      | Reached skill level 8 in Earth Magic
  9487 | D:8      | Gained mutation: You have a beak for a mouth. [evolution]
  9649 | D:7      | Reached XP level 10. HP: 11/56 MP: 3/18
 10557 | D:8      | Found an opulent altar of Gozag.
 10755 | D:9      | Found Gupuekh's Armour Shop.
 10778 | D:9      | Noticed a two-headed ogre
 10785 | D:9      | Killed a two-headed ogre
 10786 | D:9      | Noticed a two-headed ogre
 10788 | D:9      | Noticed a two-headed ogre
 10792 | D:9      | Killed a two-headed ogre
 10810 | D:9      | Killed a two-headed ogre
 10810 | D:9      | Reached skill level 5 in Fighting
 10810 | D:9      | Reached skill level 5 in Armour
 10822 | D:9      | Reached XP level 11. HP: 35/63 MP: 12/20
 11017 | D:9      | Reached skill level 5 in Shields
 11041 | D:9      | Learned a level 5 spell: Fireball
 11251 | D:9      | Found Fuet Ser's Antique Armour Shop.
 11267 | D:9      | Bought a runed robe for 99 gold pieces
 11339 | D:9      | Reached skill level 9 in Earth Magic
 11361 | D:9      | Offered knowledge of Mephitic Cloud by Vehumet.
 11606 | D:9      | Reached *** piety under Vehumet
 11617 | D:9      | Found a staircase to the Orcish Mines.
 11930 | D:9      | Offered knowledge of Olgreb's Toxic Radiance by Vehumet.
 11996 | D:10     | Entered Level 10 of the Dungeon
 12024 | D:10     | Reached skill level 1 in Fire Magic
 12078 | D:10     | Noticed a catoblepas
 12360 | D:10     | Reached skill level 5 in Maces & Flails
 12362 | D:10     | Reached **** piety under Vehumet
 12369 | D:10     | Noticed a cyclops
 12729 | D:9      | Gained mutation: You have a somewhat thin skeletal
                  | structure. (Dex +2, Stealth) [evolution]
 12755 | D:10     | Offered knowledge of Venom Bolt by Vehumet.
 12789 | D:9      | Learned a level 5 spell: Venom Bolt
 12829 | D:10     | Killed a catoblepas
 12830 | D:10     | Noticed Fannar
 12842 | D:10     | Found a staircase to the Lair.
 13381 | D:10     | Noticed Grum
 13387 | D:10     | Killed Grum
 13389 | D:10     | Noticed a deep elf mage
 13408 | D:10     | Killed a deep elf mage
 13481 | D:10     | Reached skill level 5 in Evocations
 13486 | D:10     | Reached XP level 12. HP: 70/70 MP: 17/22
 14254 | D:10     | Reached skill level 5 in Dodging
 15169 | D:10     | Killed Fannar
 16478 | D:10     | Reached skill level 10 in Earth Magic
 16819 | D:11     | Noticed a two-headed ogre
 16825 | D:11     | Killed a two-headed ogre
 16847 | D:11     | Reached ***** piety under Vehumet
 16847 | D:11     | Offered knowledge of Ozocubu's Refrigeration by Vehumet.
 17439 | D:11     | Slain by a skeletal warrior

Vault maps used:
D:1:      evilmike_arrival_crescent
D:2:      marbit_many_paths, cheibriados_altar_1
D:3:      old_standard_altar
D:4:      lemuel_round_altar, nicolae_overflow_hidden_temple,
          kennysheep_mini_moat, evilmike_ruin_ashenzari
D:5:      kennysheep_spiral_hall, lemuel_coloured_pillars_altar, first_ration,
          serial_bayou_lagoon_a, cheibrodos_gnoll_hut
D:6:      minmay_misc_feat_five, serial_bayou_ford_a, uniq_grinder
D:7:      lemuel_crystal_altar, dancing_weapons_uskayaw,
          minmay_temple_entry_proselytizer, minmay_misc_feat_enclosed
D:8:      grunt_gozag_breadcrumbs, grunt_livestock,
          hangedman_abyss_or_decor_lesser_grid
D:9:      hiddenorc2_lemuel, serial_shops, nicolae_shop_waterfront, shop
D:10:     minmay_the_grid_square_5x5_4x4, erik_lair_orcish_takeover,
          uniq_fannar, uniq_grum
Temple:   compressed_dpeg_triangle_lava_temple

Skill      XL: |  1  2  3  4  5  6  7  8  9 10 11 12 |
---------------+-------------------------------------+-----
Earth Magic    | 4 5 6 7 8 9 10 | 10.1
Conjurations   | 1 2 3 4 5 6 7 8 |  8.4
Spellcasting   | 3 4 5 6 7 |  7.6
Maces & Flails | 1 2 3 4 5 6 |  6.3
Armour         | 1 2 3 5 6 |  6.0
Shields        | 1 2 3 4 6 7 |  7.0
Fighting       | 2 3 5 6 7 |  7.0
Evocations     | 2 3 4 5 |  5.8
Dodging        | 2 3 4 5 |  5.5
Fire Magic     | 2 4 |  4.0
Stealth        | |  2.1
Transmutations | |  0.7

Action                   |  1- 3 |  4- 6 |  7- 9 | 10-12 || total
-------------------------+-------+-------+-------+-------++-------
Melee: Club              |    39 |       |       |       ||    39
       Unarmed           |     1 |       |       |       ||     1
       Short sword       |    62 |   194 |   344 |   442 ||  1042
       Peck              |       |       |     1 |    77 ||    78
       Flail             |       |       |       |    54 ||    54
 Cast: Sandblast         |     9 |    15 |    98 |   160 ||   282
       Lee's Rapid Decon |       |       |     8 |    47 ||    55
       Stone Arrow       |       |       |     9 |    20 ||    29
       Venom Bolt        |       |       |       |     6 ||     6
       Fireball          |       |       |       |     1 ||     1
Evoke: Wand              |       |     4 |     4 |    10 ||    18
       Lamp of fire      |       |       |       |     1 ||     1
  Use: Scroll            |       |     7 |    14 |    14 ||    35
       Potion            |       |     1 |     1 |    11 ||    13
 Stab: Sleeping          |     3 |     2 |     2 |     2 ||     9
       Distracted        |       |       |       |     2 ||     2
  Eat: Chunk             |     2 |     9 |    17 |    20 ||    48
       Ration            |       |       |     1 |     7 ||     8
Armor: Robe              |    44 |    75 |   157 |   400 ||   676
       Skin              |       |       |       |    14 ||    14
Dodge: Dodged            |    78 |   125 |   211 |   462 ||   876
Block: Other             |     9 |    49 |    91 |   163 ||   312
       Reflection        |       |     2 |     2 |    12 ||    16

Table legend:
 A = Non-vault XP
 B = Vault XP
 C = Vault XP percentage of total XP
 D = Non-vault monster count
 E = Vault monster count
 F = Vault count percentage of total count
                 A         B        C        D         E       F
            +---------+---------+-------+---------+---------+-------
      Total |   19519 |   10236 |  34.4 |     261 |      92 |  26.1
            +---------+---------+-------+---------+---------+-------
        D:1 |      54 |       0 |   0.0 |      26 |       0 |   0.0
        D:2 |      85 |       1 |   1.2 |      29 |       1 |   3.3
        D:3 |     208 |       0 |   0.0 |      25 |       0 |   0.0
        D:4 |     559 |       0 |   0.0 |      15 |       0 |   0.0
        D:5 |     688 |     161 |  19.0 |      24 |       6 |  20.0
        D:6 |     720 |     286 |  28.4 |       9 |       1 |  10.0
        D:7 |    1045 |     243 |  18.9 |      25 |       2 |   7.4
        D:8 |    1417 |     770 |  35.2 |      22 |       4 |  15.4
        D:9 |    4315 |     885 |  17.0 |      26 |      37 |  58.7
       D:10 |    6880 |    7890 |  53.4 |      39 |      41 |  51.2
       D:11 |    3548 |       0 |   0.0 |      21 |       0 |   0.0
            +---------+---------+-------+---------+---------+-------
